 Dungeon Crawl Stone Soup version 0.19.1 (webtiles) character file.

16387 loralnil the Cleaver (level 12, -10/97 HPs)
             Began as a Formicid Fighter on Dec 12, 2016.
             Was an Elder of the Shining One.
             Hit by a large rock thrown by a cyclops (40 damage)
             ... on level 13 of the Dungeon.
             The game lasted 00:28:06 (10995 turns).

loralnil the Cleaver (Formicid Fighter)            Turns: 10995, Time: 00:28:06

Health: -10/97     AC: 18    Str: 31    XL:     12   Next: 69%
Magic:  16/16      EV: 12    Int: 10    God:    the Shining One [****..]
Gold:   528        SH: 13    Dex: 14    Spells: 2 memorised, 13 levels left

rFire  . . .     SeeInvis +     D - +0 battleaxe
rCold  . . .     Gourm    .     I - +0 chain mail of Vucrol {*Slow Str+4 Dex+4} (curse)
rNeg   + + .     Faith    .     c - +0 shield
rPois  .         Spirit   .     (helmet unavailable)
rElec  .         Reflect  .     y - +0 cloak {+Inv}
rCorr  .         Harm     .     (no gloves)
MR     +....     Clarity  +     o - +0 pair of boots
Stlth  ..........               (no amulet)
                                z - +1 ring of protection
                                m - +3 ring of protection

@: mighty, glowing
A: permanent stasis, dig shafts and tunnels, four strong arms, antennae 3,
clarity, weak 1
a: Dig, Shaft Self, Divine Shield, Cleansing Flame, Renounce Religion, Evoke
Invisibility


You were on level 13 of the Dungeon.
You worshipped the Shining One.
The Shining One was greatly pleased with you.
You were not hungry.

You visited 1 branch of the dungeon, and saw 14 of its levels.
You also visited: Sewer.

You collected 528 gold pieces.

Inventory:

Hand Weapons
 D - a +0 battleaxe (weapon)
Armour
 b - a +0 plate armour of poison resistance
 c - a +0 shield (worn)
 o - a +0 pair of boots (worn)
 y - a +0 cloak of invisibility (worn)
 I - the cursed +0 chain mail of Vucrol (worn) {*Slow Str+4 Dex+4}
   (You found it on level 10 of the Dungeon)

   It affects your strength (+4).
   It affects your dexterity (+4).
   It may slow you when you take damage.
   It has a curse placed upon it.
Jewellery
 m - a +3 ring of protection (left hand)
 z - a +1 ring of protection (right hand)
Wands
 r - a wand of paralysis (16/24)
 x - a wand of lightning (13/15)
 E - a wand of confusion (19/48)
 G - a wand of confusion (14/48)
 H - a wand of flame (25/48)
Scrolls
 a - 4 scrolls of amnesia
 i - 2 scrolls of recharging {unknown}
 k - 4 scrolls of remove curse
 n - a scroll of magic mapping
 p - 2 scrolls of teleportation {unknown}
 F - a scroll of enchant weapon
 K - 2 scrolls of blinking {unknown}
 P - a scroll of brand weapon {unknown}
 Q - a scroll of acquirement {unknown}
Potions
 l - 4 potions of curing
 q - 3 potions of flight
 u - 2 potions of lignification
 v - 2 potions of agility
 w - a potion of brilliance
 A - a potion of resistance
 B - 3 potions of degeneration {unknown}
 C - a potion of magic {unknown}
 J - a potion of ambrosia
Books
 L - a book of Misfortune

   Spells                             Type                      Level
   a - Confusing Touch                Hexes                        1
   b - Confuse                        Hexes                        3
   c - Gell's Gravitas                Hexes/Translocation          3
   d - Petrify                        Transmutation/Earth          4
   e - Metabolic Englaciation         Hexes/Ice                    5
   f - Yara's Violent Unravelling     Hexes/Transmutation          5
 M - a book of Battle

   Spells                             Type                      Level
   a - Infusion                       Charms                       1
   b - Shroud of Golubria             Charms/Translocation         2
   c - Song of Slaying                Charms                       2
   d - Spectral Weapon                Hexes/Charms                 3
   e - Regeneration                   Charms/Necromancy            3
 N - a book of Conjurations

   Spells                             Type                      Level
   a - Magic Dart                     Conjuration                  1
   b - Searing Ray                    Conjuration                  2
   c - Dazzling Spray                 Conjuration/Hexes            3
   d - Fulminant Prism                Conjuration/Hexes            4
   e - Iskenderun's Mystic Blast      Conjuration                  4
   f - Iskenderun's Battlesphere      Conjuration/Charms           5
 O - a book of Frost

   Spells                             Type                      Level
   a - Freeze                         Ice                          1
   b - Throw Frost                    Conjuration/Ice              2
   c - Ozocubu's Armour               Charms/Ice                   3
   d - Throw Icicle                   Conjuration/Ice              4
   e - Summon Ice Beast               Ice/Summoning                4
Comestibles
 f - 8 bread rations
 g - 3 beef jerkies
 h - 7 meat rations
 j - 29 fruits
 s - a slice of pizza
 t - 3 chunks of flesh


   Skills:
 + Level 10.3 Fighting
 + Level 12.3 Axes
 + Level 9.6 Armour
 + Level 5.5 Dodging
 - Level 1.6 Stealth
 + Level 10.5 Shields
 * Level 2.8 Spellcasting
 * Level 3.5 Charms


You had 13 spell levels left.
You knew the following spells:

 Your Spells              Type           Power        Failure   Level  Hunger
a - Infusion              Chrm           #...         28%         1    ##.....
b - Song of Slaying       Chrm           #.......     41%         2    ###....


Dungeon Overview and Level Annotations

Branches:
Dungeon (14/15)            Temple (0/1) D:7
   Lair: D:8-11         Orc: D:9-12      Vaults: D:13-14

Altars:
Ashenzari
Fedhas
Nemelex Xobeh
Qazlal
Sif Muna
Uskayaw
Vehumet
Zin
The Shining One

Shops:
D:4 }   D:8 [   D:13 =


Innate Abilities, Weirdness & Mutations

You are under a permanent stasis effect.
You can dig through walls and to a lower floor.
Your four strong arms can wield two-handed weapons with a shield.
You have a pair of large antennae on your head. (SInv)
You possess an exceptional clarity of mind.
You are weak. (Str -2)


Message History

* * * LOW HITPOINT WARNING * * *
Things that are here:
a large rock; a ring mail You feel better.
The orc throws a tomahawk.
The tomahawk misses you. The efreet gestures at you. The bolt of fire hits you!
The Shining One protects you from harm! You block the iguana's attack.
A worker ant comes into view.
You feel better. You block the iguana's attack.
You feel better.
The orc throws a tomahawk.
You block the tomahawk. The iguana closely misses you.
The cyclops throws a large rock.
You block the large rock.
You feel very mighty all of a sudden.
The orc throws a tomahawk.
You block the tomahawk.
The iguana bites you but does no damage.
An orc priest comes into view. It is wielding a dagger.
You retract your mandibles.
The cyclops throws a large rock.
The large rock hits you!!!
You die...

## ...........#
...
..o§........#
..#.
....§.......####
.....
....§§..........
......
.....oR.........
........
....ao.o........
........
...........C....
........
......ol(.......
........
.......@........
........
...........(....
.......(
................
........
................
........
................
........
................
#...##..
.............###
#...#
##..........##
#####


You could see a cyclops, an efreet, an iguana, a worker ant, an orc priest
(wandering) and 4 orcs.

Vanquished Creatures
  A centaur warrior (D:14)
  3 skeletal warriors (D:12)
  An unseen horror (D:12)
  Pikel (D:7)
  3 ugly things
  A deep elf mage (D:12)
  An orc sorcerer (D:10)
  A cyclops (D:11)
  Maurice (D:8)
  The ghost of hal2100 the Digger, a novice GrEE (D:6)
  Psyche (D:9)
  A centaur skeleton (D:14)
  A komodo dragon (D:14)
  3 trolls
  A two-headed ogre (D:14)
  A hornet (D:9)
  7 hippogriffs
  A vampire (D:13)
  Eustachio (D:4)
  A hungry ghost (D:11)
  A soldier ant (D:14)
  Edmund (D:4)
  3 orc warriors
  5 sky beasts
  4 slaves (D:7)
  An eye of draining (D:13)
  3 ice beasts
  A phantom (D:8)
  6 ogres
  4 centaurs
  4 bullfrogs
  3 big kobolds
  A wyvern zombie (D:6)
  A wyvern skeleton (D:10)
  5 killer bees (D:9)
  3 centaur zombies
  7 crimson imps
  3 quasits
  5 hounds
  5 jellies
  8 orc priests
  The ghost of dscm the Magician, a weakling FeTm (D:3)
  16 orc wizards
  2 iguanas
  7 worker ants
  Robin (D:4)
  2 worker ant zombies
  12 adders
  7 river rats
  4 shadow imps
  3 oozes (D:3)
  An adder skeleton (D:8)
  5 worms
  A dart slug (D:3)
  9 leopard geckos
  32 orcs
  8 ball pythons
  8 bats
  8 giant cockroaches
  17 goblins
  9 hobgoblins
  7 jackals
  23 kobolds
  8 quokkas
  2 ball python skeletons (D:4)
  4 frilled lizards
  2 quokka skeletons (D:4)
  A quokka zombie (D:7)
  30 rats
336 creatures vanquished.

Notes
Turn   | Place    | Note
-------+----------+-------------------------------------------
     0 | D:1      | loralnil the Formicid Fighter began the quest for the Orb.
     0 | D:1      | Reached XP level 1. HP: 18/18 MP: 1/1
    77 | D:1      | Reached XP level 2. HP: 10/24 MP: 2/2
   575 | D:1      | Gained mutation: You possess an exceptional clarity of mind. [potion of mutation]
   575 | D:1      | Gained mutation: You are weak. (Str -2) [potion of mutation]
   634 | D:1      | Reached XP level 3. HP: 29/29 MP: 3/3
  1011 | D:2      | Reached XP level 4. HP: 11/37 MP: 4/4
  1618 | D:2      | Found a radiant altar of Vehumet.
  1618 | D:2      | Found a glowing silver altar of Zin.
  1882 | D:3      | Noticed dscm's ghost (weakling FeTm)
  1922 | D:3      | Killed dscm's ghost
  1922 | D:3      | Reached skill level 3 in Axes
  1922 | D:3      | Reached XP level 5. HP: 12/42 MP: 5/5
  2445 | D:4      | Noticed Eustachio
  2467 | D:4      | Killed Eustachio
  2467 | D:4      | Reached skill level 4 in Axes
  2467 | D:4      | Reached skill level 1 in Stealth
  2467 | D:4      | Reached XP level 6. HP: 13/49 MP: 6/6
  2609 | D:4      | Noticed an ogre
  2692 | D:4      | Killed an ogre
  2692 | D:4      | Reached skill level 1 in Dodging
  2692 | D:4      | Reached XP level 7. HP: 18/55 MP: 7/7
  2903 | D:4      | Found a shattered altar of Ashenzari.
  2920 | D:4      | Noticed Robin
  2932 | D:4      | Killed Robin
  2965 | D:4      | Found Ahuann's Gadget Emporium.
  2982 | D:4      | Noticed Edmund
  2997 | D:4      | Killed Edmund
  2997 | D:4      | Reached skill level 5 in Axes
  3319 | D:4      | Reached skill level 5 in Fighting
  3382 | D:4      | Found a faded altar of an unknown god.
  3382 | D:4      | Found a faded altar of an unknown god.
  3387 | D:4      | Found a faded altar of an unknown god.
  3389 | D:4      | Found a stormy altar of Qazlal.
  3391 | D:4      | Found a glowing golden altar of the Shining One.
  3443 | D:4      | Became a worshipper of the Shining One
  3555 | D:5      | Entered Level 5 of the Dungeon
  3770 | D:5      | Reached skill level 5 in Shields
  3770 | D:5      | Reached XP level 8. HP: 45/62 MP: 8/8
  3808 | D:5      | Reached skill level 5 in Armour
  3830 | D:5      | Reached skill level 6 in Axes
  4269 | D:5      | Found a deep blue altar of Sif Muna.
  4342 | D:5      | Found a sparkling altar of Nemelex Xobeh.
  4405 | D:5      | Reached skill level 8 in Axes
  4405 | D:5      | Reached skill level 5 in Dodging
  4405 | D:5      | Reached XP level 9. HP: 74/74 MP: 9/9
  4633 | D:6      | Noticed hal2100's ghost (novice GrEE)
  4656 | D:6      | Killed hal2100's ghost
  5242 | D:6      | Reached skill level 9 in Axes
  5277 | D:6      | Found a glowing drain.
  5304 | Sewer    | Entered a sewer
  5525 | Sewer    | Reached * piety under the Shining One
  5532 | Sewer    | Reached XP level 10. HP: 81/81 MP: 10/10
  5718 | D:6      | Found a hide-covered altar of Uskayaw.
  5718 | D:6      | Noticed a dagger
  5718 | D:6      | Noticed a hand axe
  5953 | D:7      | Found a staircase to the Ecumenical Temple.
  5960 | D:7      | Noticed Pikel
  5980 | D:7      | Killed Pikel
  6905 | D:8      | Found Ylirgh's Armour Shoppe.
  6913 | D:8      | Noticed Maurice
  6922 | D:8      | Killed Maurice
  6981 | D:8      | Reached skill level 10 in Axes
  6985 | D:8      | Noticed a green ugly thing
  6999 | D:8      | Killed a green ugly thing
  7071 | D:8      | Reached ** piety under the Shining One
  7328 | D:8      | Reached XP level 11. HP: 69/87 MP: 11/11
  7547 | D:9      | Found a blossoming altar of Fedhas.
  8017 | D:9      | Noticed Psyche
  8025 | D:9      | Killed Psyche
  8241 | D:10     | Entered Level 10 of the Dungeon
  8252 | D:10     | You fall through a shaft for 2 floors!
  8252 | D:12     | Noticed an eight-headed hydra
  8390 | D:12     | Reached skill level 11 in Axes
  8995 | D:10     | Reached *** piety under the Shining One
  9127 | D:10     | Got an ancient chain mail
  9138 | D:10     | Identified the cursed +0 chain mail of Vucrol {*Slow Str+4 Dex+4} (You found it on level 10 of the Dungeon)
  9375 | D:10     | Noticed an orc sorcerer
  9388 | D:10     | Killed an orc sorcerer
  9642 | D:10     | Learned a level 1 spell: Infusion
  9688 | D:11     | Noticed a cyan ugly thing
  9692 | D:11     | Killed a cyan ugly thing
  9692 | D:11     | Reached skill level 1 in Charms
  9709 | D:11     | Reached skill level 1 in Spellcasting
  9716 | D:11     | Reached skill level 10 in Shields
  9728 | D:11     | Noticed a cyclops
  9740 | D:11     | The Shining One protects you from harm!
  9744 | D:11     | Killed a cyclops
  9826 | D:11     | Noticed a white ugly thing
  9837 | D:11     | HP: 2/90 [white ugly thing (35)]
  9841 | D:11     | Killed a white ugly thing
  9841 | D:11     | Reached XP level 12. HP: 27/97 MP: 12/14
 10114 | D:10     | Learned a level 2 spell: Song of Slaying
 10144 | D:11     | You fall through a shaft for 3 floors!
 10336 | D:14     | Noticed a centaur warrior
 10352 | D:14     | Killed a centaur warrior
 10748 | D:14     | Noticed a skeletal warrior
 10752 | D:14     | Noticed a skeletal warrior
 10753 | D:14     | Noticed a skeletal warrior
 10753 | D:14     | Noticed a skeletal warrior
 10754 | D:14     | Noticed a skeletal warrior
 10784 | D:13     | Reached **** piety under the Shining One
 10814 | D:13     | Found Xoaveym's Jewellery Shoppe.
 10861 | D:12     | Reached skill level 12 in Axes
 10891 | D:12     | Noticed an unseen horror
 10892 | D:12     | Noticed a skeletal warrior
 10896 | D:12     | Noticed a skeletal warrior
 10896 | D:12     | Noticed a skeletal warrior
 10901 | D:12     | Killed an unseen horror
 10901 | D:12     | Reached skill level 10 in Fighting
 10918 | D:12     | Killed a skeletal warrior
 10930 | D:12     | Killed a skeletal warrior
 10933 | D:12     | Killed a skeletal warrior
 10959 | D:12     | Noticed a six-headed hydra
 10990 | D:12     | You fall through a shaft!
 10990 | D:13     | HP: 2/97 [cyclops/large rock (7)]
 10991 | D:13     | The Shining One protects you from harm!
 10995 | D:13     | Hit by a large rock thrown by a cyclops

Skill      XL: |  1  2  3  4  5  6  7  8  9 10 11 12 |
---------------+-------------------------------------+-----
Armour         | 4 8 9 |  9.6
Shields        | 4 5 8 9 10 | 10.5
Fighting       | 4 5 8 9 10 | 10.3
Axes           | 3 4 5 8 9 10 11 12 | 12.3
Stealth        | 1 |  1.6
Dodging        | 1 5 |  5.5
Charms         | 2 3 |  3.5
Spellcasting   | 1 2 |  2.8

Action                   |  1- 3 |  4- 6 |  7- 9 | 10-12 || total
-------------------------+-------+-------+-------+-------++-------
Melee: War axe           |   120 |   216 |   202 |       ||   538
       Broad axe         |       |       |    69 |   150 ||   219
       Battleaxe         |       |       |       |   365 ||   365
 Abil: Dig               |       |       |       |     2 ||     2
       Shaft Self        |       |       |       |     2 ||     2
  Use: Scroll            |     1 |     3 |    13 |     2 ||    19
       Potion            |     1 |     2 |     5 |     9 ||    17
 Stab: Invisible         |       |     1 |       |       ||     1
  Eat: Chunk             |     1 |     6 |     9 |    15 ||    31
       Fruit             |       |       |     1 |       ||     1
       Pizza             |       |       |       |     2 ||     2
       Royal jelly       |       |       |       |     1 ||     1
Armor: Scale mail        |    74 |   120 |    96 |       ||   290
       Plate armour      |       |       |    24 |   183 ||   207
       Chain mail        |       |       |     7 |    99 ||   106
Dodge: Dodged            |    56 |    92 |   115 |   185 ||   448
Block: Shield            |    61 |   125 |   117 |   371 ||   674
       Buckler           |       |       |    11 |       ||    11
